 Dungeon Crawl Stone Soup version 0.29-a0-721-g7f417c9bbb (webtiles) character file.

Game seed: 7504408193791433135

249 indigestion the Magician (level 6, -1/46 HPs)
             Began as a Djinni Fire Elementalist on June 28, 2022.
             Slain by a necrophage (6 damage)
             ... on level 4 of the Dungeon.
             The game lasted 00:09:47 (4320 turns).

indigestion the Magician (Djinni Fire Elementalist) Turns: 4320, Time: 00:09:47

Health: -1/46      AC:  2    Str:  7    XL:     6   Next: 34%
Gold:   244        EV: 13    Int: 19    God:
                   SH:  0    Dex: 13

rFire   + + .      SeeInvis +   y - +3 dagger (venom)
rCold   x . .      Faith    .   (no shield)
rNeg    . . .      Spirit   .   a - +0 robe
rPois   ∞          Reflect  .   (no helmet)
rElec   .          Harm     .   (no cloak)
rCorr   .          Rampage  .   (no gloves)
Will    .....                   (boots unavailable)
Stlth   ++........              (no amulet)
HPRegen 0.15/turn               u - ring of see invisible
MPRegen 0.00/turn               (no ring)

@: flying
A: sickness immunity, fire resistance 2, cold vulnerability 1, float, innate
caster, HP casting, extra vitality 1
a: no special abilities


You were on level 4 of the Dungeon.
You visited 1 branch of the dungeon, and saw 4 of its levels.

You collected 244 gold pieces.

Inventory:

Hand Weapons
 d - a +0 whip
 s - a +1 vorpal falchion
 x - a +2 quarterstaff of holy wrath
 y - a +3 dagger of venom (weapon)
Missiles
 e - 2 atropa-tipped darts
Armour
 a - a +0 robe (worn)
Jewellery
 u - a ring of see invisible (left hand)
Wands
 p - a wand of flame (51)
Scrolls
 c - 3 scrolls of amnesia {unknown}
 g - 2 scrolls of fog {unknown}
 j - 2 scrolls of fear {unknown}
 l - a scroll of vulnerability {unknown}
 m - a scroll of poison {unknown}
 o - 2 scrolls of enchant weapon {unknown}
 r - 2 scrolls of identify {unknown}
 t - a scroll of brand weapon {unknown}
 v - 2 scrolls of blinking {unknown}
 w - a scroll of immolation {unknown}
 A - a scroll of noise {unknown}
Potions
 b - 4 potions of curing {unknown}
 f - a potion of heal wounds {unknown}
 h - a potion of degeneration {unknown}
 i - a potion of haste {unknown}
 k - a potion of magic {unknown}
 n - a potion of lignification {unknown}
 q - a potion of ambrosia {unknown}
 z - a potion of brilliance {unknown}
 B - a potion of invisibility {unknown}


   Skills:
 + Level 3.0 Fighting
 - Level 3.3 Dodging
 - Level 2.0 Stealth
 + Level 3.9 Spellcasting


You couldn't memorise any spells.
You knew the following spells:

 Your Spells              Type           Power      Damage    Failure   Level
a - Foxfire               Conj/Fire      72%        2x1d7     2%          1
b - Scorch                Fire           36%        2d7       4%          2
c - Conjure Flame         Conj/Fire      18%        6-21      9%          3
d - Inner Flame           Hex/Fire       18%        N/A       9%          3
e - Flame Wave            Conj/Fire      18%        2d6       26%         4
f - Shock                 Conj/Air       72%        1d7       2%          1
g - Blink                 Tloc           36%        N/A       4%          2
Your spell library was empty.

Dungeon Overview and Level Annotations

Branches:
Dungeon (4/15)
 Temple: D:4-7

Altars:


Innate Abilities, Weirdness & Mutations

You are immune to sickness and miasma.
You are immune to poison.
Your flesh is very heat resistant. (rF++)
You are vulnerable to cold. (rC-)
You float through the air rather than walking.
You learn spells naturally, not from books.
Your magical power is your life essence.
You have superior vitality. (+4 MHP)


Message History

Confirm with . or Enter, or press ? or * to list all spells.
You conjure some foxfire!
The orc wizard casts a spell.
The orc wizard flickers and vanishes for a moment.
The foxfire hits the orc wizard.
You kill the orc wizard!
Your foxfire dissipates!
An orc comes into view. It is wielding a +0 short sword.
Your Fighting skill increases to level 3!
The orc throws a boomerang.
The boomerang hits you.
* * * LOW HITPOINT WARNING * * *
Casting: Foxfire (safe; 2% risk of failure)
Confirm with . or Enter, or press ? or * to list all spells.
You conjure some foxfire!
* * * LOW HITPOINT WARNING * * *
The foxfire hits the orc!
The orc is almost dead.
A necrophage comes into view.
The foxfire hits the orc.
You kill the orc!
Casting: Foxfire (safe; 2% risk of failure)
Confirm with . or Enter, or press ? or * to list all spells.
You conjure some foxfire!
* * * LOW HITPOINT WARNING * * *
The foxfire hits the necrophage but does no damage.
The foxfire hits the necrophage.
The necrophage is lightly damaged.
You hit the necrophage.
The necrophage is moderately damaged.
The necrophage hits you.
* * * LOW HITPOINT WARNING * * *
Casting: Foxfire (safe; 2% risk of failure)
Confirm with . or Enter, or press ? or * to list all spells.
You conjure some foxfire!
* * * LOW HITPOINT WARNING * * *
The necrophage hits you.
* * * LOW HITPOINT WARNING * * *
Your foxfire dissipates!
The necrophage attacks as you move away!
The necrophage hits you.
You die...

#............ .)#
#......### #)# #####.## #)#
#...# #.# #...# #)# #...#
#######.# #####...#####
...$....####v..........#.##
#....)..@n............
#.#####...........###. #.
#####...##### #. #...# #)
#...# #) .....# #o #.....#
.. #.....#


You could see a necrophage (ally target).

Vanquished Creatures
  An orc priest (D:4)
  3 orc wizards (D:4)
  A gnoll (D:1)
  5 adders
  2 dart slugs
  11 orcs
  9 ball pythons
  9 endoplasms
  2 giant cockroaches
  5 goblins
  9 hobgoblins
  A quokka (D:1)
  7 bats
  4 frilled lizards
  3 kobolds (D:2)
  2 rats
74 creatures vanquished.

Vanquished Creatures (others)
  148 foxfires
148 creatures vanquished.

Grand Total: 222 creatures vanquished

Notes
Turn   | Place    | Note
-------+----------+-------------------------------------------
     0 | D:1      | indigestion the Djinni Fire Elementalist began the quest
                  | for the Orb.
     0 | D:1      | indigestion set off with the following spells memorised:
                  | Foxfire, Scorch, Conjure Flame, Inner Flame, Flame Wave.
     0 | D:1      | Reached XP level 1. HP: 15/15 MP: 0/0
   273 | D:1      | Reached XP level 2. HP: 17/21 MP: 0/0
   632 | D:1      | Reached XP level 3. HP: 22/25 MP: 0/0
   632 | D:1      | Learned a level 1 spell: Shock
  1930 | D:2      | Reached XP level 4. HP: 25/31 MP: 0/0
  2687 | D:2      | Reached skill level 1 in Fighting
  3240 | D:3      | Found a faded altar of an unknown god.
  3246 | D:3      | Reached XP level 5. HP: 32/37 MP: 0/0
  3246 | D:3      | Learned a level 2 spell: Blink
  4280 | D:4      | Reached XP level 6. HP: 27/45 MP: 0/0
  4320 | D:4      | Slain by a necrophage

Illustrated notes

Levels and vault maps discovered:
D:1:      amcnicky_arrival_choice, layout_loops_ring
D:2:      minmay_razor_zed, layout_loops_corners
D:3:      layout_rooms, chequers_ecumenical_altar_simple_redux
D:4:      layout_loops_cross

Skill      XL: |  1  2  3  4  5  6 |
---------------+-------------------+-----
Stealth        | 2 |  2.0
Dodging        | 3 |  3.3
Spellcasting   | 3 |  3.9
Fighting       | 1 2 3 |  3.0

Action                   |  1- 3 |  4- 6 || total
-------------------------+-------+-------++-------
Melee: Whip              |    21 |    20 ||    41
       Punch             |     1 |       ||     1
       Falchion          |       |    14 ||    14
       Dagger            |       |     3 ||     3
 Cast: Foxfire           |    40 |    49 ||    89
       Inner Flame       |       |     7 ||     7
 Stab: Sleeping          |     2 |       ||     2
Armor: Robe              |     6 |     7 ||    13
Dodge: Dodged            |    23 |    40 ||    63

Table legend: (Time is in decaauts)
 A = Elapsed time spent in this place.
 B = Non-inter-level travel time spent in this place.
 C = Inter-level travel time spent in this place.
 D = Time resting spent in this place.
 E = Time spent auto-exploring this place.
 F = Levels seen in this place.
 G = Mean time per level.
                   A        B        C        D        E       F      G
               +--------+--------+--------+--------+--------+-----+--------+
         Total |   4327 |   4239 |     88 |    612 |   3038 |   4 | 1081.8 |
       Dungeon |   4327 |   4239 |     88 |    612 |   3038 |   4 | 1081.8 |
               +--------+--------+--------+--------+--------+-----+--------+

Top non-repeatable levels by time:
     D:2: 1892 daAuts
     D:1: 1350 daAuts
     D:3: 872 daAuts
     D:4: 211 daAuts
